 Dungeon Crawl Stone Soup version 0.27-a0-1105-g946c659c87 (webtiles) character file.

Game seed: 5691872725325137101

114759 ArcanElement the Bringer of Light (level 17, -19/119 HPs)
             Began as a Human Fighter on Apr 30, 2021.
             Was the Champion of the Shining One.
             Demolished by an ettin
             ... wielding a +0 dire flail
              (47 damage)
             ... on level 1 of the Orcish Mines.
             The game lasted 01:45:36 (29157 turns).

ArcanElement the Bringer of Light (Human Fighter)  Turns: 29157, Time: 01:45:36

Health: -19/119    AC: 33    Str: 22    XL:     17   Next: 21%
Magic:  28/28      EV: 12    Int: 13    God:    the Shining One [******]
Gold:   676        SH: 17    Dex: 27    Spells: 16/16 levels left

rFire    . . .     SeeInvis +   a - +9 long sword (flame)
rCold    x . .     Faith    .   s - +2 kite shield
rNeg     + + +     Spirit   .   f - +5 plate armour "Jaleatoci" {rPois rF- Will++ Dex+8}
rPois    +         Reflect  .   i - +2 helmet {SInv}
rElec    .         Harm     .   U - +2 cloak
rCorr    .         Rampage  .   c - +2 pair of gloves {Str+3}
Will     ++++.                  n - +1 pair of boots
Stlth    ..........             k - amulet of regeneration
HPRegen  1.29/turn              C - ring of fire
MPRegen  0.21/turn              D - ring "Akhifu" {Drain Will+ Int+3 Dex+3 Slay+3}

@: glowing, silenced
A: no striking features
a: Renounce Religion


You were on level 1 of the Orcish Mines.
You worshipped the Shining One.
The Shining One was exalted by your worship.
You visited 4 branches of the dungeon, and saw 24 of its levels.
You also visited: Bailey, Gauntlet and Ice Cave.

You collected 2645 gold pieces.
You spent 1950 gold pieces at shops.
You donated 19 gold pieces to Zin.

Inventory:

Hand Weapons
 a - a +9 long sword of flaming (weapon)
 b - the +3 long sword of Fixation {vorpal, *Rage rPois rN++}
   (You found it on level 8 of the Dungeon)

   It inflicts extra damage upon your enemies.
   It protects you from poison.
   It greatly protects you from negative energy.
   It may make you go berserk in combat.
Missiles
 d - 106 poisoned darts
 h - 5 silver boomerangs
 l - 13 boomerangs
 q - 13 curare-tipped darts (quivered)
 v - 31 javelins
Armour
 c - a +2 pair of gloves of strength (worn)
 f - the +5 plate armour "Jaleatoci" (worn) {rPois rF- Will++ Dex+8}
   (You found it in a Gauntlet)

   It affects your dexterity (+8).
   It makes you vulnerable to fire.
   It protects you from poison.
   It greatly increases your willpower.
 i - a +2 helmet of see invisible (worn)
 n - a +1 pair of boots (worn)
 s - a +2 kite shield (worn)
 w - a +2 crystal plate armour
 U - a +2 cloak (worn)
Jewellery
 k - an amulet of regeneration (around neck)
 m - the ring of the Trout {rElec EV+4 Dex-3 Slay+3}
   (You bought it in a shop on level 10 of the Dungeon)

   [ring of evasion]

   It affects your evasion (+4).
   It affects your dexterity (-3).
   It affects your accuracy and damage with ranged weapons and melee attacks
   (+3).
   It insulates you from electricity.
 x - the ring "Kigeuzod" {rN+ rCorr Int-4 Dex+3}
   (You bought it in a shop on level 10 of the Dungeon)

   [ring of positive energy]

   It affects your intelligence (-4).
   It affects your dexterity (+3).
   It protects you from negative energy.
   It protects you from acid and corrosion.
 B - a ring of flight
 C - a ring of fire (left hand)
 D - the ring "Akhifu" (right hand) {Drain Will+ Int+3 Dex+3 Slay+3}
   (You bought it in a shop on level 8 of the Dungeon)

   [ring of willpower]

   It affects your intelligence (+3).
   It affects your dexterity (+3).
   It affects your accuracy and damage with ranged weapons and melee attacks
   (+3).
   It drains your maximum health when unequipped.
   It increases your willpower.
Wands
 g - a wand of digging (23)
 y - a wand of paralysis (44)
 J - a wand of mindburst (17)
 Q - a wand of iceblast (12)
 R - a wand of charming (12)
 T - a wand of flame (69)
Scrolls
 e - 3 scrolls of identify
 r - 2 scrolls of blinking
 I - a scroll of magic mapping
 K - a scroll of fog
 L - 3 scrolls of fear
 P - a scroll of immolation
 V - a scroll of silence
 X - a scroll of holy word
 Y - 5 scrolls of teleportation
Potions
 o - 3 potions of haste
 p - a potion of heal wounds
 t - 12 potions of curing
 u - a potion of magic
 z - 2 potions of attraction
 E - a potion of berserk rage
 M - a potion of might
 N - 4 potions of resistance
 O - 2 potions of lignification
 S - 2 potions of flight
Miscellaneous
 j - a tin of tremorstones (2/2)
 F - a piece from Xom's chessboard (15/15)
 W - a box of beasts


   Skills:
 + Level 6.8 Fighting
 - Level 14.0 Long Blades
 - Level 3.0 Throwing
 - Level 12.5 Armour
 + Level 6.8 Dodging
 - Level 15.0 Shields
 - Level 15.0 Invocations
 - Level 3.0 Evocations


You had 16 spell levels left.
You didn't know any spells.
Your spell library contained the following spells:

 Spells                   Type           Power      Damage    Failure   Level
 Animate Skeleton         Necr           0%         N/A       98%         1
 Beastly Appendage        Tmut           0%         N/A       98%         1
 Foxfire                  Conj/Fire      0%         2x1d4     98%         1
 Magic Dart               Conj           0%         1d3       98%         1
 Pain                     Necr           0%         1d4       98%         1
 Summon Small Mammal      Summ           0%         N/A       98%         1
 Blink                    Tloc           N/A        N/A       99%         2
 Call Imp                 Summ           0%         N/A       99%         2
 Corpse Rot               Necr/Air       N/A        N/A       99%         2
 Searing Ray              Conj           0%         3d3       99%         2
 Wereblood                Tmut           0%         N/A       99%         2
 Call Canine Familiar     Summ           0%         N/A       100%        3
 Conjure Flame            Conj/Fire      0%         6-21      100%        3
 Dazzling Flash           Conj/Hex       0%         N/A       100%        3
 Gell's Gravitas          Tloc           0%         N/A       100%        3
 Inner Flame              Hex/Fire       0%         N/A       100%        3
 Lesser Beckoning         Tloc           0%         N/A       100%        3
 Ozocubu's Armour         Ice            0%         N/A       100%        3
 Spider Form              Tmut/Pois      0%         N/A       100%        3
 Summon Guardian Golem    Hex/Summ       0%         N/A       100%        3
 Teleport Other           Tloc           0%         N/A       100%        3
 Vampiric Draining        Necr           0%         2d6       100%        3
 Animate Dead             Necr           0%         N/A       100%        4
 Dispel Undead            Necr           0%         3d6       100%        4
 Fulminant Prism          Conj/Hex       0%         3d6       100%        4
 Hailstorm                Conj/Ice       0%         3d3       100%        4
 Ice Form                 Ice/Tmut       0%         N/A       100%        4
 Iskenderun's Mystic Bla  Conj/Tloc      0%         2d3       100%        4
 Sticky Flame             Conj/Fire      0%         2d3       100%        4
 Summon Ice Beast         Ice/Summ       0%         N/A       100%        4
 Summon Lightning Spire   Summ/Air       0%         N/A       100%        4
 Agony                    Necr           0%         N/A       100%        5
 Bolt of Magma            Conj/Fire/Erth 0%         4d4       100%        5
 Borgnjor's Vile Clutch   Necr/Erth      0%         N/A       100%        5
 Fireball                 Conj/Fire      0%         3d3       100%        5
 Hydra Form               Tmut           0%         N/A       100%        5
 Iskenderun's Battlesphe  Conj           0%         2d6       100%        5
 Manifold Assault         Tloc           0%         N/A       100%        5
 Death Channel            Necr           0%         N/A       100%        6
 Iron Shot                Conj/Erth      0%         9d1       100%        6
 Simulacrum               Ice/Necr       0%         N/A       100%        6
 Orb of Destruction       Conj           0%         N/A       100%        7
 Spellforged Servitor     Conj/Summ      0%         N/A       100%        7


Dungeon Overview and Level Annotations

Branches:
Dungeon (15/15)            Temple (1/1) D:4            Lair (6/6) D:11
  Swamp (0/4) Lair:4        Snake (0/4) Lair:4        Slime (0/5) Lair:6
    Orc (2/2) D:10            Elf (0/3) Orc:2        Vaults (0/5) D:14
 Depths (0/5) D:15         Bailey (visited)           IceCv (visited)
Gauntlet (visited)

Altars:
Ashenzari
Cheibriados
Dithmenos
Elyvilon
Fedhas
Gozag
Hepliaklqana
Kikubaaqudgha
Makhleb
Nemelex Xobeh
Okawaru
Qazlal
Ru
Sif Muna
Trog
Uskayaw
Vehumet
Wu Jian
Xom
Yredelemnul
Zin
The Shining One
Jiyva
Lugonu

Shops:
D:5 [   D:8 *   D:10 =   D:14 (   Orc:2 !*!?

Annotations:
D:13 exclusion: orange crystal statue
Orc:1 1 transporter, 1 runed translucent door


Message History

You slash the two-headed ogre! You burn the two-headed ogre.
The two-headed ogre is almost dead.
The two-headed ogre closely misses you. You block the two-headed ogre's attack.
The moth of wrath goads the ettin on!
The ettin goes berserk!
The ettin rages.
You slash the ettin! You burn the ettin.
The ettin is lightly wounded.
The moth of wrath goads the two-headed ogre on!
The two-headed ogre goes berserk!
The ettin closely misses you.
The ettin hits you with a +0 dire flail!
You hit the ettin. You burn the ettin.
The ettin is lightly wounded.
You block the ettin's attack. The ettin closely misses you.
You hit the ettin. You burn the ettin.
The ettin is lightly wounded.
You block the ettin's attack. x2
You slash the ettin! You burn the ettin.
The ettin is moderately wounded.
You block the ettin's attack. x2
You slash the ettin! You burn the ettin.
The ettin is moderately wounded.
The ettin hits you with a +0 dire flail!!
You block the ettin's attack.
Okay, then.
You hit the ettin but do no damage.
The ettin is moderately wounded.
The ettin closely misses you.
The ettin hits you with a +0 dire flail.
You hit the ettin. You burn the ettin.
The ettin is heavily wounded.
The ettin barely misses you. The ettin hits you but does no damage.
You hit the ettin. You burn the ettin.
The ettin is heavily wounded.
You block the ettin's attack. x2
You slash the ettin! You burn the ettin.
The ettin is heavily wounded.
The ettin hits you with a +0 dire flail!!!
* * * LOW HITPOINT WARNING * * *
The ettin hits you with a +0 dire flail!!!
You die...

....## ..... ....# .........
...## e#. ⌠..!)$..⌠ #.##
#e#. .. [?$. ...# #O#...$
_)$ #.## y#..## +# ###
###..#y##W## #☼#..####### #
#....#@!.# #### #..OC.÷.+
.#.## ##..'.©.+.. #...#
########## ...## #y#####y#
...### ###.©.### ...#.##
#.......# ......# #.......#
......########.......#######


You could see an ettin (berserk), a two-headed ogre (berserk), a moth of wrath
and a silent spectre (silencing).

Vanquished Creatures
  Rupert (Lair:5)
  Jorgrun (Orc:2)
  A frost giant (IceCv)
  Azrael (D:12)
  A minotaur (Gauntlet)
  A dire elephant (Lair:6)
  A crystal guardian (D:12)
  Josephine (D:11)
  4 boulder beetles
  16 hydras
  3 two-headed ogres
  2 death knights
  3 centaur warriors
  A catoblepas (Lair:6)
  2 dancing weapons (D:14)
  A deep troll shaman (Lair:6)
  An orc high priest (Orc:1)
  2 death scarabs (Gauntlet)
  11 death yaks
  Sonja (Orc:1)
  A skeletal warrior (D:9)
  A necromancer (D:15)
  A swamp dragon (Lair:2)
  3 orc knights
  A spectral hydra (Gauntlet)
  A wizard (D:15)
  2 deep elf pyromancers
  The ghost of rgaf the Conjurer, a novice DsEE of Vehumet (D:7)
  2 oklob plants
  An ugly thing (D:9)
  4 manticores
  6 cyclopes
  7 orc sorcerers
  4 slime creatures (D:12)
  A naga mage (D:15)
  11 elephants
  An ice statue (IceCv)
  9 black mambas
  3 kobold demonologists
  13 cane toads
  An unseen horror (D:12)
  3 rime drakes
  12 komodo dragons
  4 freezing wraiths
  A yaktaur (D:15)
  A tyrant leech (Lair:4)
  Grinder (D:4)
  A wind drake (shapeshifter) (D:15)
  10 trolls
  7 dream sheep (Lair:6)
  19 polar bears
  2 hornets (D:9)
  3 wolf spider simulacra
  22 blink frogs
  3 centaur simulacra (Gauntlet)
  2 spriggans (shapeshifter)
  2 shadows
  5 wyverns
  48 yaks
  3 fire elementals (D:12)
  5 wraiths
  A vampire (D:11)
  6 basilisks
  A spectral komodo dragon (Gauntlet)
  Grum (D:9)
  18 vampire mosquitoes
  A harpy simulacrum (Gauntlet)
  3 swamp worms (Lair:5)
  An acid dragon (D:9)
  2 wargs
  4 hell hounds (D:12)
  Duvessa (D:7)
  23 water moccasins
  47 orc warriors
  A sky beast (D:7)
  An ice beast (D:7)
  3 hornet zombies
  4 black bears
  A spectral torpor snail (Gauntlet)
  8 ogres
  A necrophage (D:4)
  2 boggarts (D:14)
  28 wolves
  15 centaurs
  2 kobold brigands (D:9)
  10 bullfrogs
  3 scorpions
  2 gnoll sergeants (D:9)
  2 wyvern skeletons (D:7)
  Dowan (D:7)
  A hornet simulacrum (D:15)
  A water moccasin skeleton (D:6)
  11 killer bees
  2 howler monkeys
  4 wights
  A quasit (D:4)
  6 hounds
  17 orc priests
  10 centaur zombies
  3 gnoll shamans
  2 iguanas
  21 orc wizards
  A killer bee zombie (D:6)
  2 howler monkey zombies
  8 gnolls
  3 adders (D:2)
  5 shadow imps
  A white imp (D:8)
  3 ufetubi
  3 worms
  2 dart slugs
  70 orcs
  6 ball pythons
  5 bats
  8 endoplasms
  3 giant cockroaches
  7 goblins
  12 hobgoblins
  9 jackals
  7 kobolds
  7 quokkas
  6 frilled lizards
  2 goblin zombies (D:5)
  5 hobgoblin zombies (D:5)
  2 kobold zombies (D:5)
  2 orc skeletons (D:5)
  3 rats
737 creatures vanquished.

Vanquished Creatures (others)
  An orc warrior (Orc:2)
  2 howler monkeys (D:12)
  An orc wizard (Orc:2)
  2 bushes
  44 fungi
  69 plants
  14 withered plants (Gauntlet)
133 creatures vanquished.

Grand Total: 870 creatures vanquished

Notes
Turn   | Place    | Note
-------+----------+-------------------------------------------
     0 | D:1      | ArcanElement the Human Fighter began the quest for the Orb.
     0 | D:1      | Reached XP level 1. HP: 18/18 MP: 1/1
   131 | D:1      | Reached XP level 2. HP: 24/24 MP: 2/2
   331 | D:1      | Reached XP level 3. HP: 20/29 MP: 3/3
   333 | D:1      | Found a faded altar of an unknown god.
  1121 | D:2      | Reached XP level 4. HP: 35/35 MP: 4/4
  1790 | D:2      | Reached XP level 5. HP: 28/41 MP: 5/5
  2461 | D:3      | Found a bloodstained altar of Trog.
  2775 | D:3      | Reached skill level 5 in Long Blades
  3458 | D:4      | Noticed a necrophage
  3476 | D:4      | Killed a necrophage
  3477 | D:4      | Reached XP level 6. HP: 37/49 MP: 6/6
  3533 | D:4      | Reached skill level 5 in Fighting
  3745 | D:4      | Found a staircase to the Ecumenical Temple.
  3768 | Temple   | Entered the Ecumenical Temple
  3812 | Temple   | Became a worshipper of Zin the Law-Giver
  3812 | Temple   | Reached * piety under Zin
  4099 | D:4      | Found a hide-covered altar of Uskayaw.
  4248 | D:5      | Entered Level 5 of the Dungeon
  4248 | D:5      | Noticed Grinder
  4262 | D:4      | Reached skill level 1 in Invocations
  4346 | D:4      | Reached XP level 7. HP: 51/56 MP: 6/8
  4726 | D:4      | Paralysed by Grinder for 4 turns
  4739 | D:4      | Killed Grinder
  4740 | D:4      | Reached skill level 5 in Invocations
  4933 | D:5      | Reached XP level 8. HP: 56/62 MP: 11/11
  4979 | D:5      | Identified Leeddele's Guide on the Evil Glacier
  5018 | D:5      | Found a glowing golden altar of the Shining One.
  5031 | D:5      | Fell from the grace of Zin
  5031 | D:5      | Became a worshipper of the Shining One
  5262 | D:5      | Reached skill level 1 in Throwing
  5525 | D:5      | Found Edeyvvyxue's Armour Shoppe.
  5578 | D:5      | Found an ornate altar of the Wu Jian Council.
  6380 | D:6      | Reached * piety under the Shining One
  6388 | D:6      | Reached skill level 5 in Armour
  6388 | D:6      | Reached skill level 5 in Shields
  6388 | D:6      | Reached skill level 1 in Dodging
  6388 | D:6      | Reached skill level 1 in Evocations
  6388 | D:6      | Reached XP level 9. HP: 65/68 MP: 12/12
  6450 | D:6      | Found a stormy altar of Qazlal.
  6456 | D:6      | Found a sparkling altar of Nemelex Xobeh.
  6456 | D:6      | Found a shimmering altar of Xom.
  6456 | D:6      | Found an ancient bone altar of Kikubaaqudgha.
  6891 | D:5      | Bought the +1 ring mail "Feoraf" {rElec} for 253 gold
                  | pieces
  7096 | D:7      | Found a flagged portal.
  7111 | Bailey   | Entered a bailey
  7408 | Bailey   | Reached skill level 5 in Dodging
  7703 | D:7      | Noticed Dowan
  7703 | D:7      | Noticed Duvessa
  7715 | D:7      | Killed Dowan
  7752 | D:7      | Killed Duvessa
  7876 | D:7      | Reached XP level 10. HP: 71/74 MP: 14/14
  8171 | D:7      | Noticed rgaf's ghost (novice DsEE)
  8171 | D:7      | Identified the +4 dire flail of the Swamp {protect, Int+5}
  8172 | D:7      | Found a transporter.
  8176 | D:7      | Found a transporter.
  8281 | D:8      | Reached ** piety under the Shining One
  8404 | D:8      | Found Mierphegiy's Assorted Antiques.
  8427 | D:8      | Bought an ancient iron ring for 145 gold pieces
  8427 | D:8      | Identified the ring "Akhifu" {Drain Will+ Int+3 Dex+3
                  | Slay+3} (You bought it in a shop on level 8 of the Dungeon)
  8510 | D:8      | Identified the +3 long sword of Fixation {vorpal, *Rage
                  | rPois rN++}
  9487 | D:9      | Noticed an eight-headed hydra
  9497 | D:9      | Killed an eight-headed hydra
  9510 | D:9      | Noticed Grum
  9640 | D:9      | Reached *** piety under the Shining One
  9640 | D:9      | Noticed a kobold demonologist
  9680 | D:9      | Killed a kobold demonologist
  9754 | D:9      | Reached XP level 11. HP: 79/79 MP: 18/18
  9956 | D:9      | Paralysed by a hornet for 2 turns
  9962 | D:9      | Reached skill level 10 in Invocations
 10082 | D:9      | Killed Grum
 10200 | D:9      | Noticed a manticore
 10213 | D:9      | Reached skill level 10 in Long Blades
 10264 | D:9      | Noticed a cyclops
 10275 | D:9      | Killed a cyclops
 10300 | D:9      | Noticed a skeletal warrior
 10309 | D:9      | Reached **** piety under the Shining One
 10337 | D:9      | Killed a skeletal warrior
 10380 | D:9      | Killed a manticore
 10386 | D:9      | Noticed a deep elf pyromancer
 10391 | D:9      | Killed a deep elf pyromancer
 10435 | D:9      | Noticed a white ugly thing
 10449 | D:9      | Killed a white ugly thing
 10551 | D:10     | Entered Level 10 of the Dungeon
 10579 | D:10     | Found a shadowy altar of Dithmenos.
 10634 | D:10     | Reached XP level 12. HP: 86/86 MP: 20/20
 10894 | D:10     | Found a white marble altar of Elyvilon.
 10966 | D:10     | Found a basalt altar of Yredelemnul.
 11019 | D:10     | Found an opulent altar of Gozag.
 11026 | D:10     | Found a staircase to the Orcish Mines.
 11040 | D:10     | Found Hipt's Jewellery Boutique.
 11224 | D:10     | Found an iron altar of Okawaru.
 11392 | D:11     | Noticed Josephine
 11538 | D:11     | Noticed a death knight
 11697 | D:11     | Killed Josephine
 11849 | D:11     | Noticed a five-headed hydra
 11856 | D:11     | Killed a one-headed hydra
 12096 | D:11     | Found a staircase to the Lair.
 12193 | D:11     | Noticed a two-headed ogre
 12203 | D:11     | Killed a two-headed ogre
 12538 | Lair:1   | Entered Level 1 of the Lair of Beasts
 12729 | Lair:1   | Reached XP level 13. HP: 91/91 MP: 23/23
 12921 | Lair:1   | Reached ***** piety under the Shining One
 14350 | Lair:2   | Found a transporter.
 14518 | Lair:2   | Found a transporter.
 15020 | D:7      | Killed rgaf's ghost
 15752 | Lair:3   | Reached skill level 15 in Invocations
 16524 | Lair:4   | Noticed a four-headed hydra
 16554 | Lair:4   | Reached XP level 14. HP: 98/98 MP: 25/25
 16691 | Lair:4   | Found a staircase to the Snake Pit.
 17211 | Lair:4   | Found a staircase to the Swamp.
 18321 | Lair:6   | Entered Level 6 of the Lair of Beasts
 18994 | Lair:6   | Reached XP level 15. HP: 103/103 MP: 26/26
 19074 | Lair:6   | Reached skill level 10 in Armour
 19074 | Lair:6   | Reached skill level 10 in Shields
 19344 | Lair:6   | Noticed Rupert
 19553 | Lair:6   | Paralysed by Rupert for 5 turns
 19598 | Lair:5   | Killed Rupert
 20239 | Lair:6   | Found a viscous altar of Jiyva.
 20239 | Lair:6   | Found a staircase to the Slime Pits.
 20569 | D:12     | Noticed Azrael
 20591 | D:12     | Killed Azrael
 20633 | D:12     | Found a gate leading to a gauntlet.
 20643 | Gauntlet | Entered a Gauntlet
 20643 | Gauntlet | Found a transporter.
 20687 | Gauntlet | Found a transporter.
 20700 | Gauntlet | Found a transporter.
 20703 | Gauntlet | Found a transporter.
 20721 | Gauntlet | Found a transporter.
 20733 | Gauntlet | Found a runed translucent gate.
 20734 | Gauntlet | Found a transporter.
 20734 | Gauntlet | Found a runed translucent gate.
 20735 | Gauntlet | Found a runed translucent gate.
 20747 | Gauntlet | Found a transporter.
 20767 | Gauntlet | Found a transporter.
 20771 | Gauntlet | Found a transporter.
 20779 | Gauntlet | Found a transporter.
 20809 | Gauntlet | Found a transporter.
 20809 | Gauntlet | Found a transporter.
 20926 | Gauntlet | Identified the +5 plate armour "Jaleatoci" {rPois rF-
                  | Will++ Dex+8}
 20944 | Gauntlet | Identified the amulet "Zifeq" {Faith Harm Fragile Dex+4}
 21068 | Gauntlet | Identified the Guide on Combat Magic
 22308 | D:13     | Reached ****** piety under the Shining One
 22323 | D:13     | Reached XP level 16. HP: 109/109 MP: 27/27
 22498 | D:13     | Identified the +4 ring mail of Qir Ocvuido {rC+ Int+2}
 22594 | D:13     | You fall into a shaft and drop 2 floors!
 22594 | D:15     | Entered Level 15 of the Dungeon
 22604 | D:15     | Found a frozen archway.
 22618 | IceCv    | Entered an ice cave
 23293 | IceCv    | Noticed a frost giant
 23316 | IceCv    | Killed a frost giant
 24310 | D:13     | Found a runed translucent door.
 24313 | D:13     | Found the +10 dark maul {vorpal}
 24471 | D:14     | Found a gate to the Vaults.
 25167 | D:14     | Found a sacrificial altar of Ru.
 25199 | D:14     | Found Kaelal's Weapon Boutique.
 26008 | D:15     | Found a staircase to the Depths.
 26817 | Lair:2   | Identified the +6 scimitar of Courage {vamp, rF+}
 27377 | Orc:1    | Entered Level 1 of the Orcish Mines
 27482 | Orc:1    | Reached skill level 15 in Shields
 27675 | Orc:2    | Entered Level 2 of the Orcish Mines
 27675 | Orc:2    | Found a staircase to the Elven Halls.
 27901 | Orc:2    | Reached XP level 17. HP: 100/116 MP: 20/28
 27915 | Orc:2    | Noticed Jorgrun
 27930 | Orc:2    | Killed Jorgrun
 28343 | Orc:2    | Found Antofeuv's General Store.
 28343 | Orc:2    | Found Ufututio's Distillery.
 28345 | Orc:2    | Found Akoiqen's Magic Scroll Shop.
 28347 | Orc:2    | Found Dinoolyth's Distillery.
 28520 | D:10     | Bought the ring of the Trout {rElec EV+4 Dex-3 Slay+3} for
                  | 731 gold pieces
 28567 | Orc:2    | Bought a potion of haste for 130 gold pieces
 28567 | Orc:2    | Bought a potion of haste for 130 gold pieces
 28570 | Orc:2    | Bought a potion of heal wounds for 55 gold pieces
 28570 | Orc:2    | Bought a potion of resistance for 110 gold pieces
 28611 | D:10     | Bought the ring "Kigeuzod" {rN+ rCorr Int-4 Dex+3} for 396
                  | gold pieces
 28810 | Orc:1    | You fall into a shaft and drop 1 floor!
 28829 | Orc:1    | Noticed Sonja
 28856 | Orc:1    | Killed Sonja
 28961 | Orc:1    | Found a transporter.
 29130 | Orc:1    | Found a transporter.
 29130 | Orc:1    | Found a runed translucent door.
 29130 | Orc:1    | Found a bloodstained altar of Trog.
 29131 | Orc:1    | Found the +8 Wrath of Trog {antimagic, *Rage}
 29157 | Orc:1    | Demolished by an ettin

Illustrated notes

Levels and vault maps discovered:
D:1:      dpeg_arrival_arbitrary_b, layout_basic, basic_ecumenical_altar,
          serial_bayou_lagoon_b
D:2:      layout_basic
D:3:      layout_rooms, old_standard_altar, serial_curves, eino_curves_04,
          eino_curves_04, eino_curves_01, eino_curves_02
D:4:      layout_rooms, marbit_many_paths, minmay_temple_entry_stoned_glass
D:5:      layout_basic, nicolae_tso_besieged_by_evil, nzn_wu_jian_council_hall,
          serial_shops, shop, chequers_serial_rivers_small_a, uniq_grinder
D:6:      layout_cave_pods, minitemple, kb_lookout_dungeons_type,
          grunt_decor_one_mirror
D:7:      layout_basic, gammafunk_ghost_smash, enter_bailey_6, uniq_duvessa
D:8:      layout_basic, serial_shops, shop, minivault_21, st_stairs_11,
          minmay_misc_feat_plants
D:9:      minmay_the_grid_net [minmay_the_grid_medium_cups,
          minmay_the_grid_minigrid_small, minmay_the_grid_holed_spiral,
          minmay_the_grid_pillar_ring, minmay_the_grid_small_cups,
          minmay_the_grid_prize_four_corners], layout_cave_pools, uniq_grum
D:10:     layout_roguey, grunt_gozag_breadcrumbs, amcnicky_altar_gilded,
          nicolae_dithmenos_the_darkroom, elyvilon_altar_3, old_standard_altar,
          orc_0_dummy, serial_shops, nicolae_shop_trees, st_stairs_10
D:11:     layout_long_grid, dpeg_oklobed_lair, uniq_josephine
D:12:     layout_loops_corners, gauntlet_entry_generic, uniq_azrael
D:13:     layout_long_grid, nrook_campfire, chequers_garden, minmay_crystal_box
D:14:     layout_roguey, erik_vaults_1, serial_shops, kennysheep_mini_moat,
          nicolae_ru_the_path_less_chosen, kb_rosetta
D:15:     grunt_enter_depths_magical_seal, layout_long_grid,
          portal_ice_cave_entry_pillars_2
Temple:   corrupted_temple
Lair:1:   layout_small_grid, st_stairs_4
Lair:2:   gammafunk_cloud_chamber, layout_long_grid, lemuel_fruit_tree,
          grunt_megastairs_3
Lair:3:   layout_cellular_growth
Lair:4:   layout_concentric_octagons, palyth_hydra_swamp_entry,
          minmay_snake_entry_six_corridors, minivault_26
Lair:5:   layout_concentric_octagons, worms_lemuel
Lair:6:   grunt_lair_end_beastmaster, layout_layer_cave,
          dpeg_slime_entry_enclosed_altar, uniq_rupert
Orc:1:    emtedronai_trogs_sanctum, layout_caves, uniq_sonja
Orc:2:    st_orc_rangers, layout_caves, uniq_jorgrun

Skill      XL: |  1  2  3  4  5  6  7  8  9 10 11 12 13 14 15 16 17 |
---------------+----------------------------------------------------+-----
Long Blades    | 3 4 5 6 8 10 12 14 | 14.0
Fighting       | 4 5 6 |  6.8
Invocations    | 2 5 6 9 11 13 15 | 15.0
Throwing       | 3 |  3.0
Shields        | 5 6 9 12 15 | 15.0
Armour         | 5 6 9 12 | 12.5
Dodging        | 1 5 6 |  6.8
Evocations     | 1 3 |  3.0

Action                   |  1- 3 |  4- 6 |  7- 9 | 10-12 | 13-15 | 16-18 || total
-------------------------+-------+-------+-------+-------+-------+-------++-------
Melee: Long sword        |    75 |   226 |   210 |   571 |  1135 |   771 ||  2988
       Scimitar          |       |       |       |       |    27 |    62 ||    89
Throw: Boomerang         |       |     3 |    86 |       |       |       ||    89
       Dart              |       |       |    20 |     5 |       |     4 ||    29
       Throwing net      |       |       |     1 |       |       |     1 ||     2
       Javelin           |       |       |       |       |       |     1 ||     1
Invok: Recite            |       |     1 |     1 |       |       |       ||     2
       Divine Shield     |       |       |       |     4 |     6 |     6 ||    16
       Cleansing Flame   |       |       |       |       |     5 |     5 ||    10
Evoke: Wand              |       |       |     6 |    12 |       |       ||    18
       Tin of tremorston |       |       |       |     2 |       |     1 ||     3
       Piece from Xom's  |       |       |       |       |     1 |       ||     1
  Use: Potion            |       |     3 |     4 |     6 |     3 |     4 ||    20
       Scroll            |       |     2 |     7 |    10 |     8 |     9 ||    36
Armor: Scale mail        |    35 |   127 |   125 |       |       |       ||   287
       Skin              |       |    26 |       |    25 |       |       ||    51
       Ring mail         |       |       |    12 |   189 |    92 |   106 ||   399
       Acid dragon scale |       |       |       |     3 |    32 |       ||    35
       Crystal plate arm |       |       |       |       |   335 |     2 ||   337
       Plate armour      |       |       |       |       |    75 |   211 ||   286
Dodge: Dodged            |    24 |    54 |   103 |   212 |   206 |   236 ||   835
Block: Kite shield       |    39 |   118 |   162 |   409 |   767 |   593 ||  2088
       Tower shield      |       |       |       |       |       |   240 ||   240
       Rpst.: Long sword |     5 |    21 |    28 |    47 |    45 |    40 ||   186
       Scimitar          |       |       |       |       |       |     4 ||     4

Table legend: (Time is in decaauts)
 A = Elapsed time spent in this place.
 B = Non-inter-level travel time spent in this place.
 C = Inter-level travel time spent in this place.
 D = Time resting spent in this place.
 E = Time spent auto-exploring this place.
 F = Levels seen in this place.
 G = Mean time per level.
                   A        B        C        D        E       F      G
               +--------+--------+--------+--------+--------+-----+--------+
         Total |  29798 |  26753 |   3045 |   5052 |  14726 |  27 | 1103.6 |
       Dungeon |  18045 |  15759 |   2286 |   2997 |   8880 |  15 | 1203.0 |
        Temple |     58 |     34 |     24 |      0 |     32 |   1 |   58.0 |
          Lair |   8074 |   7513 |    561 |   1610 |   4274 |   6 | 1345.7 |
  Orcish Mines |   1548 |   1375 |    173 |    191 |    804 |   2 |  774.0 |
        Bailey |    603 |    603 |      0 |     53 |    136 |   1 |  603.0 |
      Ice Cave |   1054 |   1054 |      0 |    196 |    399 |   1 | 1054.0 |
      Gauntlet |    413 |    413 |      0 |      3 |    200 |   1 |  413.0 |
               +--------+--------+--------+--------+--------+-----+--------+

Top non-repeatable levels by time:
  Lair:6: 1962 daAuts
     D:4: 1866 daAuts
    D:12: 1656 daAuts
  Lair:1: 1492 daAuts
    D:11: 1480 daAuts
     D:2: 1409 daAuts
     D:8: 1376 daAuts
  Lair:2: 1246 daAuts
  Lair:3: 1219 daAuts
    D:10: 1205 daAuts
     D:6: 1203 daAuts
     D:9: 1198 daAuts
     D:1: 1166 daAuts
  Lair:4: 1098 daAuts
    D:14: 1058 daAuts
